 Seeded DCSS version 0.29.1-13-g9f3cf754e1 (webtiles) character file.

Game seed: 14493567058902096670 (custom seed)

27768 GigaChad the Severer (level 13, -7/116 HPs)
             Began as a Minotaur Fighter on Jan 20, 2023.
             Was an Elder of Ashenzari.
             Mangled by a spriggan druid
             ... wielding a +0 quarterstaff
              (9 damage)
             ... on level 1 of the Swamp.
             The game lasted 00:28:18 (15204 turns).

GigaChad the Severer (Minotaur Fighter)            Turns: 15204, Time: 00:28:18

Health: -7/116     AC: 38    Str: 24    XL:     13   Next: 6%
Magic:  12/12      EV:  6    Int:  9    God:    Ashenzari [****..]
Gold:   536        SH: 18    Dex: 12    Spells: 12/12 levels left

rFire   . . .      SeeInvis +   a - +2 war axe (flame)
rCold   + + +      Faith    .   w - +0 kite shield of the Lashed Heavens {Comp, Fort} (curse)
rNeg    . . .      Spirit   .   h - +10 crystal plate armour "Cursed Adversity" {Rampage *Corrode rC+++ Int+4, Bglg, Cun} (curse)
rPois   .          Reflect  +   (helmet restricted)
rElec   .          Harm     .   s - scarf of Apeoromancy {repulsion, Range, Elem} (curse)
rCorr   .          Rampage  +   l - +2 pair of gloves of the Tethered Cosmos {Fort, Range} (curse)
Will    .....      Clarity  +   (no boots)
Stlth   ..........              B - amulet "Circumscribed Vision" {Reflect SH+5, Elem, Alch} (curse)
HPRegen 0.29/turn               K - ring "Esoteric Water Diviner" {AC+4, Cun, Melee} (curse)
MPRegen 0.13/turn               (no ring)

@: corroded, repel missiles
A: horns 2, retaliatory headbutt
a: Renounce Religion, Shatter the Chains


You were on level 1 of the Swamp.
You worshipped Ashenzari.
Ashenzari was greatly pleased with you.
You visited 4 branches of the dungeon, and saw 14 of its levels.
You also visited: Volcano.

You collected 634 gold pieces.
You spent 98 gold pieces at shops.

Inventory:

Hand Weapons
 a - a +2 war axe of flaming (weapon)
 Q - a -2 demon whip of venom
Missiles
 G - a javelin (quivered)
 M - 2 curare-tipped darts
Armour
 b - a +1 scale mail
 c - a +0 buckler
 g - +0 steam dragon scales
 h - the cursed +10 crystal plate armour "Cursed Adversity" (worn) {Rampage *Corrode rC+++ Int+4, Bglg, Cun}
   (You acquired it on level 3 of the Dungeon)

   Int:       It affects your intelligence (+4).
   rC:        It renders you almost immune to cold.
   *Corrode:  It may corrode you when you take damage.
   Rampage:   It bestows one free step when moving towards enemies.
   It has a curse which improves the following skills: Beguiling: Conjurations,
   Hexes and Translocations.
   Cunning:   Dodging and Stealth.
 l - the cursed +2 pair of gloves of the Tethered Cosmos (worn) {Fort, Range}
   (You found it on level 2 of the Dungeon)

   It has a curse which improves the following skills: Fortitude: Armour and
   Shields.
   Ranged Combat: Ranged Weapons and Throwing.
 s - the cursed scarf of Apeoromancy (worn) {repulsion, Range, Elem}
   (You found it on level 7 of the Dungeon)

   It has a curse which improves the following skills: Ranged Combat: Ranged
   Weapons and Throwing.
   Elements:  Fire Magic, Ice Magic, Air Magic and Earth Magic.
 w - the cursed +0 kite shield of the Lashed Heavens (worn) {Comp, Fort}
   (You bought it in a shop on level 3 of the Dungeon)

   It has a curse which improves the following skills: Companions: Summonings
   and Necromancy.
   Fortitude: Armour and Shields.
 x - a +0 cloak
Jewellery
 m - a ring of flight
 o - a ring of positive energy
 z - a ring of magical power
 B - the cursed amulet "Circumscribed Vision" (around neck) {Reflect SH+5, Elem, Alch}
   (You found it on level 4 of the Dungeon)

   [amulet of reflection]

   It reflects blocked missile attacks.
   SH:        It affects your SH (+5).
   It has a curse which improves the following skills: Elements: Fire Magic, Ice
   Magic, Air Magic and Earth Magic.
   Alchemy:   Poison Magic and Transmutations.
 K - the cursed ring "Esoteric Water Diviner" (left hand) {AC+4, Cun, Melee}
   (You found it on level 1 of the Lair of Beasts)

   [ring of protection]

   AC:        It affects your AC (+4).
   It has a curse which improves the following skills: Cunning: Dodging and
   Stealth.
   Melee Combat: Short Blades, Long Blades, Axes, Maces & Flails, Polearms,
   Staves and Unarmed Combat.
 N - an amulet of magic regeneration
 O - a ring of resist corrosion
Wands
 H - a wand of charming (7)
 I - a wand of polymorph (14)
 J - a wand of flame (42)
Scrolls
 i - 4 scrolls of magic mapping
 n - a scroll of amnesia
 p - 2 scrolls of silence
 t - 8 scrolls of teleportation
 v - 3 scrolls of vulnerability
 y - a scroll of fog
 C - 2 scrolls of torment
 L - 2 scrolls of identify
 P - a scroll of enchant armour
Potions
 d - 6 potions of might
 e - a potion of curing
 f - 4 potions of haste
 j - a potion of invisibility
 k - 4 potions of attraction
 q - 2 potions of mutation
 r - 2 potions of flight
 u - 3 potions of lignification
 A - 2 potions of resistance
 D - 3 potions of heal wounds
 E - 2 potions of degeneration
 F - 3 potions of berserk rage


   Skills:
 + Level 11.1 Fighting
 + Level 15.6(17.5) Axes
 + Level 1.3(3.2) Throwing
 * Level 13.3(16.2) Armour
 + Level 1.1(2.8) Dodging
 + Level 0.3(1.2) Stealth
 + Level 14.0(16.9) Shields


You had 12 spell levels left.
You didn't know any spells.
Your spell library contained the following spells:

 Spells                   Type           Power      Damage    Failure   Level
 Slow                     Hex            0%         N/A       100%        1
 Summon Small Mammal      Summ           0%         N/A       100%        1
 Blink                    Tloc           0%         N/A       100%        2
 Ensorcelled Hibernation  Hex/Ice        0%         N/A       100%        2
 Passwall                 Tmut/Erth      0%         N/A       100%        2
 Static Discharge         Conj/Air       0%         3-3/arc   100%        2
 Sublimation of Blood     Necr           0%         N/A       100%        2
 Wereblood                Tmut           0%         N/A       100%        2
 Call Canine Familiar     Summ           0%         N/A       100%        3
 Confusing Touch          Hex            0%         N/A       100%        3
 Dazzling Flash           Conj/Hex       0%         N/A       100%        3
 Lesser Beckoning         Tloc           0%         N/A       100%        3
 Portal Projectile        Hex/Tloc       0%         N/A       100%        3
 Summon Guardian Golem    Hex/Summ       0%         N/A       100%        3
 Swiftness                Air            0%         N/A       100%        3
 Tukima's Dance           Hex            0%         N/A       100%        3
 Vampiric Draining        Necr           0%         2d6       100%        3
 Fulminant Prism          Conj/Hex       0%         3d6       100%        4
 Iskenderun's Mystic Bla  Conj/Tloc      0%         2d3       100%        4
 Agony                    Necr           0%         N/A       100%        5
 Blade Hands              Tmut           0%         N/A       100%        5
 Fireball                 Conj/Fire      0%         3d3       100%        5
 Lee's Rapid Deconstruct  Erth           0%         3d5*      100%        5
 Lightning Bolt           Conj/Air       0%         1d11      100%        5
 Manifold Assault         Tloc           0%         N/A       100%        5
 Silence                  Hex/Air        0%         N/A       100%        5
 Conjure Ball Lightning   Conj/Air       0%         3x3d6     100%        6
 Starburst                Conj/Fire      0%         6d3       100%        6
 Summon Hydra             Summ           0%         N/A       100%        7
 Discord                  Hex            0%         N/A       100%        8
 Disjunction              Tloc           0%         N/A       100%        8
 Ignition                 Fire           0%         3d3       100%        8
 Maxwell's Capacitive Co  Air            0%         ∞         100%        8


Dungeon Overview and Level Annotations

Branches:
Dungeon (8/15)             Temple (1/1) D:7            Lair (4/5) D:8
  Swamp (1/4) Lair:3        Snake (0/4) Lair:3      Volcano (visited)
  Slime: Lair:4-5

Altars:
Ashenzari
Cheibriados
Dithmenos
Fedhas
Gozag
Hepliaklqana
Kikubaaqudgha
Makhleb
Nemelex Xobeh
Okawaru
Qazlal
Ru
Sif Muna
Uskayaw
Vehumet
Wu Jian
Xom
Yredelemnul
Zin
The Shining One

Shops:
D:3 [

Annotations:
Lair:1 1 runed translucent door, Ciasar's ghost, journeyman HOFi
Lair:2 exclusion: oklob plant
Swamp:1 Kirke


Innate Abilities, Weirdness & Mutations

You have a pair of horns on your head.
You reflexively headbutt those who attack you in melee.


Message History

You hear an angry squeal.
You block the goliath frog's attack.
The spriggan rider hits you but does no damage.
You block the spriggan rider's attack.
The spriggan rider hits you from afar with a +0 spear!
You are too injured to fight recklessly!
You are too injured to fight recklessly!
Unknown command.
You are too injured to fight recklessly!
Unknown command.
You are too injured to fight recklessly!
Unknown command.
Unknown command.
You are too injured to fight recklessly!
Unknown command.
You are too injured to fight recklessly!
Unknown command.
You are too injured to fight recklessly!
Unknown command.
You are too injured to fight recklessly!
Unknown command.
You are too injured to fight recklessly!
Unknown command.
You are too injured to fight recklessly!
You closely miss the spriggan druid.
The spriggan druid is lightly wounded.
You hit the bog body. You block the spriggan druid's attack.
The bog body barely misses you. The goliath frog hits you from afar!
* * * LOW HITPOINT WARNING * * *
The acid corrodes you!
You are splashed with acid!
* * * LOW HITPOINT WARNING * * *
The spriggan rider hits you from afar with a +0 spear!
* * * LOW HITPOINT WARNING * * *
The spriggan rider hits you from afar with a +0 spear!
* * * LOW HITPOINT WARNING * * *
You slash the spriggan druid! You burn the spriggan druid.
The spriggan druid is heavily wounded.
You slash the bog body! You block the spriggan rider's attack.
The spriggan druid hits you with a +0 quarterstaff!
You die...

* * * ..♣ * , ..♣ * *
, * ♣.. * ..♣* *, ,
,~ * ♣♣..♣ * ,,~, *,,
* ♣♣♣?..♣ *, , ~
♣♣♣..~♣♣ * * * ,
*♣♣♣$@.~~♣♣ * , ~ {
♣♣♣ni~~..♣♣ * * ~~ *
{♣♣Fiii♣~..♣♣♣ ~~~* *
, * {♣♣i@iw.~♣.~.♣♣
~~** , ~
*,{~.hh..~~♣~~..♣ *
,,
~♣.~~h~~~.~.~~~~.♣.§♣
~
*♣.~.~~§.~~.[..~~~.~♣
* ~
♣.~~~.~.~~~<~..§~.♣♣
* ♣.~..♣.~~~..~~)~~.♣


You could see Kirke, a tyrant leech, 3 spriggan riders, a spriggan druid, a
goliath frog, a bog body, 3 hogs and 2 spriggans.

Vanquished Creatures
  A boulder beetle (Lair:4)
  A catoblepas (Lair:4)
  3 hydras
  Amaemon (Lair:3)
  A deep elf pyromancer (Volcano)
  Pikel (D:7)
  7 elephants
  3 black mambas
  A torpor snail (Lair:4)
  An orange demon (Lair:3)
  5 cane toads
  5 rime drakes
  14 komodo dragons
  Prince Ribbit (D:6)
  A polar bear (Lair:4)
  6 dream sheep (Lair:3)
  A vampire (D:8)
  25 yaks
  6 basilisks
  3 fire elementals (Volcano)
  A wyvern (Lair:4)
  2 steam dragons
  3 nagas (Lair:3)
  An acid dragon (D:8)
  4 swamp worms (Lair:3)
  8 water moccasins
  4 black bears
  A hell hound (Volcano)
  An ice beast (D:6)
  A sky beast (D:8)
  4 ogres
  12 wolves
  2 centaurs
  2 lemures (D:7)
  2 kobold brigands
  11 bullfrogs
  A necrophage (D:5)
  2 gnoll sergeants
  A scorpion (D:4)
  3 wights
  4 killer bees (D:8)
  2 howler monkeys
  4 hounds
  3 jellies
  5 orc priests
  8 iguanas
  6 orc wizards
  Robin (D:3)
  10 gnolls
  7 adders
  A white imp (D:8)
  2 ufetubi
  A worm (D:3)
  12 dart slugs
  26 orcs
  6 bats
  6 endoplasms
  3 giant cockroaches
  12 goblins
  7 hobgoblins
  16 jackals
  3 quokkas
  6 ball pythons
  2 frilled lizards
  17 kobolds
  4 rats
327 creatures vanquished.

Vanquished Creatures (others)
  A kobold (D:8)
  A bush (Lair:3)
  18 fungi
  76 plants
  2 withered plants (Lair:1)
98 creatures vanquished.

Grand Total: 425 creatures vanquished

Notes
Turn   | Place    | Note
-------+----------+-------------------------------------------
     0 | D:1      | GigaChad the Minotaur Fighter began the quest for the Orb.
     0 | D:1      | Reached XP level 1. HP: 19/19 MP: 0/0
   415 | D:1      | Reached XP level 2. HP: 25/27 MP: 1/1
   950 | D:2      | Reached XP level 3. HP: 33/33 MP: 2/2
  1500 | D:3      | Reached skill level 3 in Axes
  1526 | D:3      | Identified a scroll of acquirement
  1526 | D:3      | Acquired the +10 crystal plate armour "Foarheot" {Rampage
                  | *Corrode rC+++ Int+4}
  1672 | D:3      | Reached XP level 4. HP: 40/40 MP: 3/3
  1707 | D:3      | Found Zumuceu's Armour Shoppe.
  1726 | D:3      | Bought a +0 kite shield for 49 gold pieces
  1736 | D:3      | Bought a +0 cloak for 49 gold pieces
  1750 | D:3      | Noticed Robin
  1757 | D:3      | Reached skill level 1 in Dodging
  1761 | D:3      | Killed Robin
  1836 | D:3      | Found a faded altar of an unknown god.
  2086 | D:3      | Found a burning altar of Makhleb.
  2113 | D:3      | Found a shimmering blue altar of Sif Muna.
  2225 | D:3      | Identified the +3 ring mail of Indemnity {rCorr Stlth+}
  2345 | D:4      | Reached skill level 4 in Axes
  2345 | D:4      | Reached XP level 5. HP: 35/47 MP: 4/4
  2622 | D:4      | Found a radiant altar of Vehumet.
  2855 | D:4      | Reached skill level 5 in Armour
  3050 | D:4      | HP: 1/47 [orc priest/+0 whip (2)]
  3052 | D:4      | Reached skill level 5 in Shields
  3052 | D:4      | Reached XP level 6. HP: 1/53 MP: 5/5
  3785 | D:4      | Reached skill level 5 in Axes
  3834 | D:4      | Reached skill level 5 in Fighting
  3936 | D:4      | Reached XP level 7. HP: 61/61 MP: 6/6
  4001 | D:4      | Reached skill level 6 in Axes
  4219 | D:5      | Entered Level 5 of the Dungeon
  4341 | D:5      | Found a sacrificial altar of Ru.
  4426 | D:5      | Reached skill level 7 in Axes
  4694 | D:5      | Reached XP level 8. HP: 70/70 MP: 7/7
  5516 | D:6      | Reached skill level 8 in Axes
  5884 | D:6      | Noticed Prince Ribbit
  5889 | D:6      | Reached skill level 9 in Axes
  5901 | D:6      | Killed Prince Ribbit
  5902 | D:6      | Reached skill level 1 in Throwing
  5998 | D:6      | Reached XP level 9. HP: 69/75 MP: 8/8
  6186 | D:6      | You fall into a shaft and drop 1 floor!
  6188 | D:7      | Found a staircase to the Ecumenical Temple.
  7106 | Temple   | Entered the Ecumenical Temple
  7219 | Temple   | Became a worshipper of Ashenzari the Shackled
  7295 | D:7      | Noticed Pikel
  7314 | D:7      | Killed Pikel
  7315 | D:7      | Reached skill level 10 in Axes
  7539 | D:7      | Found an iron altar of Okawaru.
  8302 | D:8      | Reached skill level 11 in Axes
  8471 | D:8      | Found a blossoming altar of Fedhas.
  8644 | D:8      | Found a staircase to the Lair.
  8685 | D:8      | Reached XP level 10. HP: 86/86 MP: 9/9
  8989 | Lair:1   | Entered Level 1 of the Lair of Beasts
  8994 | Lair:1   | Found a runed translucent door.
  8995 | Lair:1   | Noticed Ciasar's ghost (journeyman HOFi)
  9002 | Lair:1   | Reached * piety under Ashenzari
  9031 | Lair:1   | Reached skill level 10 in Shields
  9102 | Lair:1   | Found a dark tunnel.
  9119 | Lair:1   | Reached skill level 12 in Axes
  9124 | Volcano  | Entered a volcano
  9292 | Volcano  | Noticed a deep elf pyromancer
  9293 | Volcano  | Noticed a deep elf pyromancer
  9316 | Volcano  | Noticed a deep elf pyromancer
  9326 | Volcano  | Killed a deep elf pyromancer
  9928 | Lair:1   | Reached XP level 11. HP: 95/95 MP: 10/10
 10071 | Lair:1   | Reached skill level 13 in Axes
 10433 | Lair:1   | Reached ** piety under Ashenzari
 10857 | Lair:2   | Noticed an oklob plant
 10905 | Lair:2   | Reached skill level 10 in Armour
 10986 | Lair:2   | Noticed a six-headed hydra
 11487 | Lair:2   | Killed a two-headed hydra
 11501 | Lair:2   | Reached skill level 14 in Axes
 11949 | Lair:3   | Noticed Amaemon
 11958 | Lair:3   | Noticed a seven-headed hydra
 12088 | Lair:3   | Killed a three-headed hydra
 12089 | Lair:3   | Reached skill level 10 in Fighting
 12124 | Lair:4   | Noticed a six-headed hydra
 12130 | Lair:4   | Killed a two-headed hydra
 12131 | Lair:4   | Reached XP level 12. HP: 19/106 MP: 11/11
 12656 | Lair:4   | Reached *** piety under Ashenzari
 13011 | Lair:4   | Noticed a death yak
 13060 | Lair:4   | Noticed a boulder beetle
 13072 | Lair:4   | Killed a boulder beetle
 13172 | Lair:4   | Noticed a catoblepas
 13219 | Lair:4   | Killed a catoblepas
 13843 | Lair:4   | Reached skill level 15 in Axes
 14188 | Lair:3   | Found a staircase to the Swamp.
 14317 | Lair:3   | Reached **** piety under Ashenzari
 14347 | Lair:3   | Identified the +2 robe of Claustrophobia {Will+ Int+4}
 14366 | Lair:3   | Killed Amaemon
 14540 | Lair:3   | Reached XP level 13. HP: 116/116 MP: 12/12
 14673 | Lair:3   | Found a staircase to the Snake Pit.
 15188 | Swamp:1  | Entered Level 1 of the Swamp
 15196 | Swamp:1  | Noticed Kirke
 15203 | Swamp:1  | HP: 2/116 [spriggan rider/+0 spear (10)]
 15204 | Swamp:1  | Mangled by a spriggan druid

Illustrated notes

Levels and vault maps discovered:
D:1:      dpeg_arrival_snail, layout_basic
D:2:      layout_loops_ring
D:3:      kennysheep_slugbush, layout_basic,
          mainiacjoe_overflow_concentric_impassable,
          mainiacjoe_overflow_six_doors_small, chequers_ecumenical_altar_twisty,
          serial_shops, shop, minivault_19, minmay_misc_feat_cross,
          kennysheep_generic_room_5, uniq_robin
D:4:      layout_gridville, vehumet_crystals, grunt_tough_drop
D:5:      layout_basic, lemuel_doored_altar, kennysheep_generic_room_12
D:6:      layout_loops_ring, uniq_prince_ribbit1
D:7:      layout_basic, mainiacjoe_overflow_tiny_flanked, temple_pool_b,
          david_defended_altar_orc, uniq_pikel
D:8:      black_bear_nest_2, layout_basic, mainiacjoe_overflow_surrounded_room,
          lair_entry_dummy
Temple:   nicolae_temple_superstar
Lair:1:   beast_lair_carwin_large_2, layout_loops_ring,
          nicolae_volcano_entry_hallway, gammafunk_ghost_grave
Lair:2:   minmay_lair_oklob_tunnel, layout_concentric_octagons,
          serial_bayou_shore_b
Lair:3:   layout_loops_ring, minmay_swamp_entry_worms,
          guppyfry_snake_entry_island, grunt_megastairs_5, uniq_amaemon
Lair:4:   nzn_winding_woodlands_stair_trap [nzn_winding_woodlands_5x15_pockets,
          nzn_winding_woodlands_5x15_longhouse,
          nzn_winding_woodlands_5x15_lazy_stream,
          nzn_winding_woodlands_15x15_boxy_spiral,
          nzn_winding_woodlands_5x15_sawtooth,
          nzn_winding_woodlands_5x15_zeroes, nzn_winding_woodlands_5x15_parted],
          layout_cave_pods, slime_entry_1, grunt_forest_small_clearing_treed
Swamp:1:  layout_falls_marsh, nicolae_swamp_ascending_descending, uniq_kirke

Skill      XL: |  1  2  3  4  5  6  7  8  9 10 11 12 13 |
---------------+----------------------------------------+-----
Armour         | 4 5 6 7 9 11 13 | 13.3
Fighting       | 4 5 6 7 8 10 11 | 11.1
Shields        | 4 5 6 7 9 11 12 13 14 | 14.0
Axes           | 3 4 5 7 9 11 12 14 15 | 15.6
Dodging        | 1 |  1.1
Throwing       | 1 |  1.3
Stealth        | |  0.3

Action                   |  1- 3 |  4- 6 |  7- 9 | 10-12 | 13-15 || total
-------------------------+-------+-------+-------+-------+-------++-------
Melee: War axe           |    94 |   120 |   257 |   541 |    60 ||  1072
       Headbutt          |     9 |    15 |    37 |   124 |    11 ||   196
Throw: Javelin           |       |       |     7 |       |       ||     7
       Throwing net      |       |       |     2 |       |       ||     2
Invok: Curse Item        |       |       |     1 |     5 |       ||     6
  Use: Scroll            |     7 |     3 |     7 |     5 |       ||    22
       Potion            |       |       |       |     2 |       ||     2
 Stab: Fleeing           |       |     1 |       |       |       ||     1
Armor: Scale mail        |    78 |       |       |       |       ||    78
       Crystal plate arm |    17 |   153 |   186 |   400 |    27 ||   783
Dodge: Dodged            |    65 |    21 |    31 |    70 |     2 ||   189
       Repelled          |       |       |       |     2 |     3 ||     5
Block: Buckler           |    32 |     4 |       |       |       ||    36
       Kite shield       |       |    69 |   236 |   447 |    57 ||   809
       Reflection        |       |       |     5 |     1 |     3 ||     9
